 Dungeon Crawl Stone Soup version 0.20.0-15-g7f486f2 (webtiles) character file.

130 straycat the Sneak (level 4, 0/35 HPs)
             Began as a Vampire Fighter on June 22, 2017.
             Slain by an adder (4 damage)
             ... on level 3 of the Dungeon.
             The game lasted 00:06:40 (2546 turns).

straycat the Sneak (Vampire Fighter)                Turns: 2546, Time: 00:06:41

Health: 0/35       AC:  6    Str: 20    XL:     4   Next: 90%
Magic:  4/4        EV: 11    Int: 10    God:
Gold:   110        SH:  0    Dex: 14    Spells: 3/3 levels left

rFire    . . .     SeeInvis +   a - +0 rapier
rCold    . . .     Gourm    .   (no shield)
rNeg     + . .     Faith    .   b - +0 scale mail
rPois    .         Spirit   .   (no helmet)
rElec    .         Reflect  .   (no cloak)
rCorr    .         Harm     .   (no gloves)
MR       .....                  (no boots)
Stlth    +.........             (no amulet)
Regen    0.2/turn               (no ring)
MPRegen  0.1/turn               (no ring)

@: mighty, lethally poisoned (0 -> -7)
A: fangs 3, see invisible, unbreathing
a: Bat Form


You were on level 3 of the Dungeon.
You were not thirsty.

You visited 1 branch of the dungeon, and saw 3 of its levels.

You collected 110 gold pieces.

Inventory:

Hand Weapons
 a - a +0 rapier (weapon)
 u - a +0 long sword
 v - a +0 dagger of electrocution
Missiles
 g - 24 arrows
 i - 113 stones (quivered)
 n - 48 sling bullets
 r - 2 javelins
 t - 9 bolts
Armour
 b - a +0 scale mail (worn)
 c - a +0 shield
Jewellery
 h - a +4 amulet of reflection {unknown}
 j - a +4 ring of slaying {unknown}
 s - an uncursed ring of ice {unknown}
Scrolls
 l - 2 scrolls of fog {unknown}
 o - a scroll of remove curse {unknown}
Potions
 e - 16 potions of blood
 f - 2 potions of lignification {unknown}
 k - 2 potions of curing {unknown}
 m - 2 potions of flight {unknown}
 p - a potion of berserk rage {unknown}
 q - a potion of haste {unknown}


   Skills:
 + Level 3.1 Fighting
 + Level 3.0 Short Blades
 - Level 2.4 Armour
 * Level 3.2 Dodging
 + Level 3.4 Stealth
 - Level 2.6 Shields


You had 3 spell levels left.
You didn't know any spells.

Dungeon Overview and Level Annotations

Branches:
Dungeon (3/15)

Altars:


Innate Abilities, Weirdness & Mutations

You have razor-sharp teeth.
You have supernaturally acute eyesight. (SInv)
You can survive without breathing.


Message History

* * * LOW HITPOINT WARNING * * *
The adder closely misses you.
* * * LOW HITPOINT WARNING * * *
You feel sick. The orc barely misses you.
You feel very mighty all of a sudden.
* * * LOW HITPOINT WARNING * * *
You feel sick. The adder bites you but does no damage.
The orc closely misses you. The adder barely misses you.
You puncture the orc!
You kill the orc!
* * * LOW HITPOINT WARNING * * *
You feel sick. The adder bites you but does no damage.
You hit the adder.
The adder is moderately wounded.
The adder barely misses you.
You closely miss the adder. You bite the adder!
The adder is almost dead.
* * * LOW HITPOINT WARNING * * *
You feel sick. The adder closely misses you. The adder bites you.
You die...

#### ##.....# .....#
##......# .....#
#.%.....####### ##.....#
#.......##....# #......#
#......o##....#####.#....#
##.......#...............#
#........#)@........#....#
#........)S.....##..#....#
#.......##.....###..#....#
#......#####..## #.##.)..#
#......# #..# #......##
..o.##.## #..# ##......#
.s.###..# #..# #.<.....#
... .....####..###.......#
oo #.###...##............#


You could see an adder.

Vanquished Creatures
  An orc wizard (D:3)
  2 adders (D:3)
  An ooze (D:2)
  A worm (D:2)
  5 dart slugs
  2 leopard geckos
  4 orcs
  A giant cockroach (D:3)
  8 goblins
  3 hobgoblins
  8 jackals
  7 bats
  4 frilled lizards
  9 kobolds
  6 rats
62 creatures vanquished.

Notes
Turn   | Place    | Note
-------+----------+-------------------------------------------
     0 | D:1      | straycat the Vampire Fighter began the quest for the Orb.
     0 | D:1      | Reached XP level 1. HP: 17/17 MP: 1/1
    77 | D:1      | Reached skill level 1 in Dodging
    94 | D:1      | Reached XP level 2. HP: 14/23 MP: 2/2
   273 | D:1      | Reached skill level 1 in Stealth
   444 | D:1      | Reached XP level 3. HP: 25/28 MP: 3/3
  1760 | D:2      | Reached XP level 4. HP: 30/34 MP: 4/4
  2546 | D:3      | Slain by an adder

Skill      XL: |  1  2  3  4 |
---------------+-------------+-----
Dodging        | 1 2 3 |  3.2
Stealth        | 1 3 |  3.4
Fighting       | 3 |  3.1
Short Blades   | 3 |  3.0
Armour         | |  2.4
Shields        | |  2.6

Action                   |  1- 3 |  4- 6 || total
-------------------------+-------+-------++-------
Melee: Rapier            |   121 |    78 ||   199
       Bite              |    13 |     6 ||    19
Throw: Stone             |     1 |       ||     1
  Use: Potion            |     6 |     1 ||     7
Armor: Scale mail        |    74 |    52 ||   126
Dodge: Dodged            |    67 |    60 ||   127
